 Dungeon Crawl Stone Soup version 0.20.1-1-g8b1a95d (webtiles) character file.

3111 Ragecrab the Slasher (level 9, -5/62 HPs)
             Began as a Demonspawn Fighter on July 4, 2017.
             Was a Priest of Okawaru.
             Slain by Erolcha
             ... wielding a cursed -1 giant spiked club
              (24 damage)
             ... on level 9 of the Dungeon.
             The game lasted 00:53:28 (7447 turns).

Ragecrab the Slasher (Demonspawn Fighter)           Turns: 7447, Time: 00:53:29

Health: -5/62      AC: 19    Str: 21    XL:     9   Next: 60%
Magic:  9/9        EV:  6    Int: 13    God:    Okawaru [***...]
Gold:   206        SH: 11    Dex: 14    Spells: 8/8 levels left

rFire    + . .     SeeInvis .   k - +1 falchion
rCold    + + +     Gourm    .   c - +0 shield
rNeg     + . .     Faith    .   u - +0 plate armour
rPois    .         Spirit   .   F - +1 helmet of Mutualism {*Corrode rF+ rC++ Int+2}
rElec    .         Reflect  .   K - +1 cloak
rCorr    .         Harm     .   q - +1 pair of gloves
MR       +....                  (boots unavailable)
Stlth    ..........             b - amulet of regeneration
Regen    0.6/turn               a - ring of positive energy
MPRegen  0.2/turn               s - ring of loudness (curse)

@: no status effects
A: claws 1, talons 3, clever 1, cold resistance 1, frail 1, magic resistance 1,
sense surroundings 1, powered by pain 1, screaming 1, strong 1, evolution 2,
freezing cloud immunity
a: Heroism, Renounce Religion


You were on level 9 of the Dungeon.
You worshipped Okawaru.
Okawaru was most pleased with you.
You were hungry.

You visited 1 branch of the dungeon, and saw 9 of its levels.

You collected 434 gold pieces.
You spent 228 gold pieces at shops.

Inventory:

Hand Weapons
 k - a +1 falchion (weapon)
 E - a +0 short sword of venom
 J - a +0 long sword
Missiles
 r - 3 throwing nets (quivered)
 y - 42 poisoned needles
Armour
 c - a +0 shield (worn)
 q - a +1 pair of gloves (worn)
 u - a +0 plate armour (worn)
 w - a +0 cloak
 F - the +1 helmet of Mutualism (worn) {*Corrode rF+ rC++ Int+2}
   (You bought it in a shop on level 6 of the Dungeon)

   It affects your intelligence (+2).
   It protects you from fire.
   It greatly protects you from cold.
   It may corrode you when you take damage.
 K - a +1 cloak (worn)
Jewellery
 a - a ring of positive energy (left hand)
 b - an amulet of regeneration (around neck)
 i - an uncursed amulet of magic regeneration
 o - an uncursed ring of stealth
 s - a cursed ring of loudness (right hand)
 B - an uncursed ring of poison resistance
 C - an uncursed ring of fire
Wands
 D - a wand of polymorph (11/24)
Scrolls
 e - 2 scrolls of recharging {unknown}
 h - 2 scrolls of enchant weapon
 j - 8 scrolls of identify
 l - 5 scrolls of remove curse
 m - 2 scrolls of fear {unknown}
 n - 3 scrolls of immolation {unknown}
 p - a scroll of magic mapping {unknown}
 z - a scroll of blinking {unknown}
 A - 2 scrolls of amnesia {unknown}
Potions
 d - a potion of might
 g - 2 potions of curing
 x - 4 potions of degeneration
 G - a potion of lignification {unknown}
 I - a potion of mutation
Comestibles
 f - 9 bread rations
 t - 2 royal jellies
 v - 3 meat rations
 H - 3 fruits
 L - 2 chunks of flesh


   Skills:
 + Level 5.8 Fighting
 + Level 7.1 Long Blades
 + Level 6.5 Armour
 + Level 3.1 Dodging
 - Level 1.0 Stealth
 + Level 6.5 Shields


You had 8 spell levels left.
You didn't know any spells.

Dungeon Overview and Level Annotations

Branches:
Dungeon (10/15)            Temple (0/1) D:4
   Lair: D:8-11         Orc: D:9-12

Altars:
Fedhas
Gozag
Makhleb
Okawaru
Yredelemnul
The Shining One

Shops:
D:4 [   D:6 !*[=

Annotations:
D:9 Erolcha


Innate Abilities, Weirdness & Mutations

You have sharp fingernails.
You have claws for feet.
Your flesh is cold resistant. (rC+)
You sometimes gain a little power by taking damage.
You are immune to freezing clouds.
Your mind is acute. (Int +2)
You are frail. (-10% HP)
You are resistant to hostile enchantments. (MR+)
You passively map a small area around you.
You occasionally shout uncontrollably at your foes.
Your muscles are strong. (Str +2)
You rapidly evolve.


Message History

Erolcha is heavily wounded.
You block Erolcha's attack.
You hit Erolcha but do no damage. You claw Erolcha.
Erolcha is heavily wounded.
Erolcha tries to grin evilly.
Erolcha gestures at you while chanting. The bolt of cold hits you! You resist.
You hit Erolcha but do no damage. You claw Erolcha.
Erolcha is heavily wounded.
Erolcha hits you with a giant spiked club!
You hit Erolcha but do no damage. You claw Erolcha.
Erolcha is severely wounded.
You closely miss Erolcha.
Erolcha is severely wounded.
Erolcha hits you with a giant spiked club!!
* * * LOW HITPOINT WARNING * * *
You hit Erolcha but do no damage. You claw Erolcha, but do no damage.
Erolcha is severely wounded.
Erolcha hits you with a giant spiked club!!
You die...

, * #.....# #+#* *
#.....# #.#
#.....###.#
#....[....#
#..)......#
###.........##* ###
#............#....#
#......@...>....#
#......O........#
#...............#
#...............#
#.......#......$#,*
###.....#.......# *
#######....####
#....# , * *


You could see Erolcha.

Vanquished Creatures
  A spriggan (D:7)
  Duvessa (D:6)
  The ghost of Baril the Caller, an amateur DESu of Vehumet (D:4)
  4 sky beasts
  A black bear (D:6)
  4 phantoms
  2 centaurs
  2 ogres (D:6)
  3 bullfrogs
  Dowan (D:6)
  A killer bee (D:10)
  2 howler monkeys
  2 crimson imps
  A quasit (D:5)
  An orc priest (D:6)
  3 jellies
  2 bullfrog skeletons
  A gnoll shaman (D:5)
  Crazy Yiuf (D:2)
  4 hounds
  An iguana (D:6)
  Natasha (D:2)
  8 orc wizards
  10 worker ants
  2 hound skeletons
  7 gnolls
  10 adders
  3 shadow imps
  4 adder zombies
  An adder skeleton (D:4)
  2 worms
  3 dart slugs
  3 leopard geckos
  19 orcs
  5 giant cockroaches
  2 goblins
  3 hobgoblins
  5 jackals
  5 quokkas
  A ball python (D:4)
  4 bats
  5 frilled lizards
  6 kobolds
  A leopard gecko skeleton (D:4)
  4 rats
  A spectral orc (D:3)
154 creatures vanquished.

Notes
Turn   | Place    | Note
-------+----------+-------------------------------------------
     0 | D:1      | Ragecrab the Demonspawn Fighter began the quest for the Orb.
     0 | D:1      | Reached XP level 1. HP: 18/18 MP: 1/1
   182 | D:1      | Gained mutation: You sometimes gain a little power by taking damage. [demonic ancestry]
   182 | D:1      | Reached XP level 2. HP: 24/24 MP: 2/2
   280 | D:1      | Reached skill level 2 in Long Blades
   819 | D:2      | Gained mutation: You have sharp toenails. [demonic ancestry]
   819 | D:2      | Reached XP level 3. HP: 13/29 MP: 3/3
  1141 | D:2      | Gained mutation: You have sharp fingernails. [demonic ancestry]
  1141 | D:2      | Reached XP level 4. HP: 35/35 MP: 4/4
  1153 | D:2      | Reached skill level 3 in Long Blades
  1260 | D:2      | Noticed Natasha
  1270 | D:2      | Killed Natasha
  1386 | D:2      | Found a runed door.
  1677 | D:2      | Gained mutation: Your flesh is cold resistant. (rC+) [demonic ancestry]
  1677 | D:2      | Reached XP level 5. HP: 39/41 MP: 5/5
  1774 | D:2      | Noticed Crazy Yiuf
  1783 | D:2      | Killed Crazy Yiuf
  2506 | D:3      | Found an opulent altar of Gozag.
  2727 | D:3      | Found a basalt altar of Yredelemnul.
  3130 | D:4      | Reached skill level 4 in Long Blades
  3130 | D:4      | Reached skill level 1 in Dodging
  3130 | D:4      | Gained mutation: You are immune to freezing clouds. [demonic ancestry]
  3130 | D:4      | Reached XP level 6. HP: 19/47 MP: 6/6
  3361 | D:4      | Found Gidirau's Armour Boutique.
  3630 | D:4      | Found an iron altar of Okawaru.
  3633 | D:4      | Became a worshipper of Warmaster Okawaru
  3820 | D:4      | Found a staircase to the Ecumenical Temple.
  3956 | D:4      | Gained mutation: You have razor-sharp toenails. [demonic ancestry]
  3956 | D:4      | Reached XP level 7. HP: 31/54 MP: 7/7
  4208 | D:4      | Noticed Baril's ghost (amateur DESu)
  4234 | D:4      | Killed Baril's ghost
  4234 | D:4      | Reached skill level 1 in Stealth
  4549 | D:5      | Entered Level 5 of the Dungeon
  4661 | D:5      | Reached * piety under Okawaru
  4661 | D:5      | Reached skill level 5 in Long Blades
  4829 | D:5      | Gained mutation: You are frail. (-10% HP) [potion of mutation]
  4829 | D:5      | Gained mutation: You passively map a small area around you. [potion of mutation]
  4831 | D:5      | Gained mutation: Your muscles are strong. (Str +2) [mutagenic meat]
  4832 | D:5      | Gained mutation: You evolve. [mutagenic meat]
  4833 | D:5      | Gained mutation: You rapidly evolve. [mutagenic meat]
  4846 | D:5      | Gained mutation: You have claws for feet. [demonic ancestry]
  4846 | D:5      | Reached XP level 8. HP: 41/54 MP: 8/8
  5029 | D:5      | Reached skill level 5 in Armour
  5367 | D:5      | Reached skill level 5 in Shields
  5374 | D:5      | Gained mutation: You occasionally shout uncontrollably at your foes. [mutagenic meat]
  5375 | D:5      | Gained mutation: You are resistant to hostile enchantments. (MR+) [mutagenic meat]
  5664 | D:5      | Gained mutation: Your mind is acute. (Int +2) [evolution]
  5831 | D:5      | Found a burning altar of Makhleb.
  5869 | D:5      | Reached ** piety under Okawaru
  6047 | D:6      | Found Oheshaim's Jewellery Boutique.
  6191 | D:6      | Found a blossoming altar of Fedhas.
  6193 | D:6      | Found a glowing golden altar of the Shining One.
  6194 | D:6      | Found an opulent altar of Gozag.
  6194 | D:6      | Found an iron altar of Okawaru.
  6207 | D:6      | Reached skill level 5 in Fighting
  6207 | D:6      | Reached skill level 6 in Long Blades
  6299 | D:6      | Reached XP level 9. HP: 38/61 MP: 9/9
  6303 | D:6      | Found Jidurch's Antique Armour Shoppe.
  6358 | D:6      | Found Wucriph's Distillery.
  6358 | D:6      | Found Mowikask's Assorted Antiques.
  6367 | D:6      | Bought a scorched helmet for 228 gold pieces
  6372 | D:6      | Identified the +1 helmet of Mutualism {*Corrode rF+ rC++ Int+2} (You bought it in a shop on level 6 of the Dungeon)
  6426 | D:6      | Reached *** piety under Okawaru
  6609 | D:6      | Noticed Dowan
  6610 | D:6      | Noticed Duvessa
  6630 | D:6      | Killed Dowan
  6641 | D:6      | Killed Duvessa
  7240 | D:7      | Reached skill level 7 in Long Blades
  7311 | D:7      | You fall through a shaft for 3 floors!
  7311 | D:10     | Entered Level 10 of the Dungeon
  7433 | D:9      | Noticed Erolcha
  7447 | D:9      | Slain by Erolcha

Skill      XL: |  1  2  3  4  5  6  7  8  9 |
---------------+----------------------------+-----
Shields        | 3 4 5 6 |  6.5
Long Blades    | 2 3 4 5 6 7 |  7.1
Armour         | 3 4 6 |  6.5
Dodging        | 1 2 3 |  3.1
Fighting       | 4 5 |  5.8
Stealth        | 1 |  1.0

Action                   |  1- 3 |  4- 6 |  7- 9 || total
-------------------------+-------+-------+-------++-------
Melee: Long sword        |    76 |   118 |       ||   194
       Kick              |     4 |    65 |   179 ||   248
       Falchion          |       |    96 |   505 ||   601
  Use: Potion            |       |     1 |     9 ||    10
       Scroll            |       |     2 |     3 ||     5
  Eat: Chunk             |       |     9 |    13 ||    22
       Fruit             |       |       |     1 ||     1
       Meat ration       |       |       |     1 ||     1
Armor: Scale mail        |    36 |    95 |    68 ||   199
       Plate armour      |       |       |   195 ||   195
Dodge: Dodged            |    26 |    68 |   128 ||   222
Block: Shield            |    47 |    99 |   291 ||   437
       Rpst.: Long sword |    11 |    18 |       ||    29
       Falchion          |       |     6 |    42 ||    48
